 Dungeon Crawl Stone Soup version 0.32-a0-841-g4648e6c457 (webtiles) character file.

Game seed: 4396504610252746029

8967 shadizar the Thaumaturge (level 11, -4/81 HPs)
             Began as a Djinni Conjurer on Mar 26, 2024.
             Was a Believer of Makhleb.
             Slain by a sixfirhy (12 damage)
             ... summoned by a kobold demonologist
             ... on level 10 of the Dungeon.
             The game lasted 00:12:02 (11270 turns).

shadizar the Thaumaturge (Djinni Conjurer)         Turns: 11270, Time: 00:12:03

Health: -4/81      AC:  6    Str:  8    XL:     11   Next: 65%
Gold:   667        EV: 14    Int: 31    God:    Makhleb [**....] SH:  5 Dex: 12

rFire   + + +        B - staff of alchemy
rCold   . . .        (no shield)
rNeg    . . .        D - +1 robe {rF+}
rPois   ∞            i - +1 helmet
rElec   .            r - scarf {rC+ rF+}
rCorr   .            a - +0 pair of gloves of Poetioz {+Blink Str-4 Int+7}
SInv    .            (boots unavailable)
Will    +....        E - amulet of reflection
Stlth   +++          j - +6 ring of strength
HPRegen 0.33/turn    o - ring of wizardry
MPRegen 0.00/turn

%: reflection, wizardry (x1), infuse magic (-5 HP)
@: flying
A: sickness immunity, fire resistance 2, cold vulnerability 1, float, innate
caster, HP casting, extra vitality 1
a: Renounce Religion, Evoke Blink, Minor Destruction


You were on level 10 of the Dungeon.
You worshipped Makhleb.
Makhleb was pleased with you.
You visited 2 branches of the dungeon, and saw 11 of its levels.

You collected 667 gold pieces.

Inventory:

Armour
 a - the +0 pair of gloves of Poetioz (worn) {+Blink Str-4 Int+7}
   (You acquired it on level 8 of the Dungeon)

   Str-4:     It affects your strength (-4).
   Int+7:     It affects your intelligence (+7).
   +Blink:    It lets you blink.
 d - a scarf of repulsion
 g - the +1 ring mail of Oziar {Rampage Dex+4}
   (You found it on level 10 of the Dungeon)

   Dex+4:     It affects your dexterity (+4).
   Rampage:   It bestows one free step when moving towards enemies.
 i - a +1 helmet (worn)
 r - a scarf of resistance (worn)
 D - a +1 robe of fire resistance (worn)
Magical Staves
 B - a staff of alchemy (weapon)
Jewellery
 j - a +6 ring of strength (left hand)
 o - a ring of wizardry (right hand)
 z - a ring of willpower
 E - an amulet of reflection (around neck)
Wands
 c - a wand of paralysis (14)
 l - a wand of flame (47)
 C - a wand of roots (19)
 F - a wand of digging (5)
Scrolls
 b - 4 scrolls of identify
 h - 2 scrolls of vulnerability
 m - 2 scrolls of blinking
 u - 2 scrolls of poison
 v - 2 scrolls of fear
Potions
 e - 4 potions of heal wounds
 f - 2 potions of attraction
 k - 2 potions of might
 p - a potion of magic
 q - a potion of brilliance
 s - a potion of ambrosia
 t - a potion of haste
 A - 2 potions of curing
 G - a potion of resistance


   Skills:
 + Level 7.9 Fighting
 + Level 2.2 Armour
 - Level 8.0 Dodging
 - Level 6.2 Stealth
 * Level 10.1 Spellcasting
 * Level 10.1 Conjurations
 * Level 10.1 Hexes
   Level 0.0 Charms
 * Level 10.1 Summonings
 * Level 10.1 Necromancy
 * Level 10.1 Translocations
   Level 0.0 Transmutations
 * Level 10.1 Fire Magic
 * Level 10.1 Ice Magic
 * Level 10.1 Air Magic
 * Level 10.1 Earth Magic
 * Level 10.1 Alchemy


You knew the following spells:

 Your Spells              Type           Power      Damage    Failure   Level
a - Magic Dart            Conj           100%       1d8       1%          1
b - Searing Ray           Conj           100%       2d8       1%          2
c - Fulminant Prism       Conj/Alch      43%        3d19      1%          4
d - Iskenderun's Mystic   Conj/Tloc      68%        2d14      1%          4
e - Shock                 Conj/Air       100%       1d9       1%          1
f - Momentum Strike       Conj/Tloc      100%       3d10      1%          2
g - Jinxbite              Hex            100%       N/A       1%          2
h - Frozen Ramparts       Ice            100%       1d16      1%          3
i - Yara's Violent Unrav  Hex/Alch       43%        3d17      1%          5
Your spell library was empty.

Dungeon Overview and Level Annotations

Branches:
Dungeon (10/15)            Temple (1/1) D:5
   Lair: D:8-11         Orc: D:9-12

Altars:
Ashenzari
Cheibriados
Dithmenos
Elyvilon
Fedhas
Gozag
Hepliaklqana
Makhleb
Nemelex Xobeh
Okawaru
Qazlal
Ru
Trog
Uskayaw
Wu Jian
Xom
Yredelemnul
Zin
The Shining One

Shops:
D:1 (

Annotations:
D:6 1 runed translucent door, Crazy Yiuf


Innate Abilities, Weirdness & Mutations

You are immune to sickness and miasma.
You are immune to poison.
Your flesh is very heat resistant. (rF++)
You are vulnerable to cold. (rC-)
You float through the air rather than walking.
You learn spells naturally, not from books.
Your magical power is your life essence.
You have superior vitality. (+4 MHP)


Message History

Press: ? - help, Dir - move target You feel a surge of power!
You conjure a prism of explosive energy!
* * * LOW HITPOINT WARNING * * *
A fulminant prism comes into view.
The kobold demonologist gestures wildly while chanting.
The kobold demonologist casts a spell.
Unknown command.
Unknown command.
Unknown command.
Unknown command.
The kobold demonologist casts a cantrip, but nothing happens.
Your fulminant prism crackles loudly.
Your fulminant prism explodes!
The blast of energy engulfs the kobold demonologist!!
The kobold demonologist is severely wounded.
The blast of energy engulfs the iron imp!!
You kill the iron imp!
The iron imp disappears in a puff of smoke!
The blast of energy engulfs the iron imp!!
You kill the iron imp!
The iron imp disappears in a puff of smoke!
The blast of energy engulfs the ufetubus!!
You kill the ufetubus!
The ufetubus disappears in a puff of smoke!
The blast of energy engulfs the kobold demonologist!!
The kobold demonologist is almost dead.
Unknown command.
Unknown command.
Unknown command.
Unknown command.
Unknown command.
Unknown command.
Unknown command.
The shadow imp shouts, "Scamper hence, thou mewling sow-suckled bum-bailey!"
The kobold demonologist gestures wildly while chanting.
The sixfirhy hits you!
* * * LOW HITPOINT WARNING * * *
The sixfirhy shocks you!
You die...

#....# #.# #.# #.# #.##.#.
###'####.# #.# #.# #.##.#.
#.....##.# #.# # #.###..#.#.
#.....##.# #.# .#..........##
#.....##.###.#####.#########....
#.....'............# #.###
#.....##.###.......## #.#
#..........+........# ...
#.....######...@3...# ...#
#.....+...........K.# ...#
#.....#####...)....K# ....#
.......# #)......§.5.. ..#....#
#.#'##.§..##5 #.#.# ....# #+#)#
....# ##. ##..# . ...#


You could see 2 kobold demonologists, a sixfirhy (summoned) and 2 shadow imps.

Vanquished Creatures
  2 two-headed ogres
  Pikel (D:7)
  Maurice (D:7)
  A gargoyle (D:10)
  A kobold demonologist (D:10)
  Psyche (D:8)
  A troll (D:10)
  Grinder (D:4)
  Prince Ribbit (D:8)
  Sigmund (D:5)
  12 yaks
  A wyvern (D:7)
  2 steam dragons
  Edmund (D:5)
  An orc warrior (D:7)
  A black bear (D:5)
  An ice beast (D:6)
  A sky beast (D:6)
  2 ogres
  3 centaurs
  4 kobold brigands
  A lemure (D:7)
  2 bullfrogs
  2 scorpions
  10 wights
  8 killer bees
  A howler monkey (D:4)
  3 bombardier beetles
  4 hounds
  2 gnoll boudas
  An orc priest (D:7)
  3 jellies (D:7)
  Jessica (D:2)
  A sleepcap (D:5)
  Terence (D:3)
  An iguana (D:6)
  3 orc wizards
  Robin (D:2)
  14 gnolls
  11 adders
  A shadow imp (D:6)
  A white imp (D:6)
  4 ufetubi (D:5)
  3 ribbon worms
  3 dart slugs
  32 orcs
  3 ball pythons
  6 bats
  13 endoplasms
  2 giant cockroaches
  16 goblins
  11 hobgoblins
  15 jackals
  32 kobolds
  3 quokkas
  A frilled lizard (D:2)
  3 rats
259 creatures vanquished.

Vanquished Creatures (others)
  10 fulminant prisms
10 creatures vanquished.

Grand Total: 269 creatures vanquished

Notes
Turn   | Place    | Note
-------+----------+-------------------------------------------
     0 | D:1      | shadizar the Djinni Conjurer began the quest for the Orb.
     0 | D:1      | shadizar set off with the following spells memorised: Magic
                  | Dart, Searing Ray, Fulminant Prism, Iskenderun's Mystic
                  | Blast.
     0 | D:1      | Reached XP level 1. HP: 15/15 MP: 0/0
   294 | D:1      | Reached XP level 2. HP: 19/21 MP: 0/0
   416 | D:1      | Found a faded altar of an unknown god.
   573 | D:1      | Reached XP level 3. HP: 20/25 MP: 0/0
   573 | D:1      | Learned a level 1 spell: Shock
   657 | D:1      | Found Turecki's Weapon Emporium.
  1360 | D:2      | Noticed Robin
  1394 | D:2      | Killed Robin
  1395 | D:2      | Reached XP level 4. HP: 13/31 MP: 0/0
  1524 | D:2      | Noticed Jessica
  1529 | D:2      | Killed Jessica
  1627 | D:2      | Reached XP level 5. HP: 34/35 MP: 0/0
  1627 | D:2      | Learned a level 2 spell: Momentum Strike
  1690 | D:2      | Reached skill level 5 in Spellcasting
  1690 | D:2      | Reached skill level 5 in Conjurations
  1690 | D:2      | Reached skill level 5 in Hexes
  1690 | D:2      | Reached skill level 5 in Summonings
  1690 | D:2      | Reached skill level 5 in Necromancy
  1690 | D:2      | Reached skill level 5 in Translocations
  1690 | D:2      | Reached skill level 5 in Fire Magic
  1690 | D:2      | Reached skill level 5 in Ice Magic
  1690 | D:2      | Reached skill level 5 in Air Magic
  1690 | D:2      | Reached skill level 5 in Earth Magic
  1690 | D:2      | Reached skill level 5 in Alchemy
  2627 | D:3      | Reached XP level 6. HP: 29/40 MP: 0/0
  2732 | D:3      | Noticed Terence
  2738 | D:3      | Killed Terence
  3343 | D:4      | Noticed Grinder
  3405 | D:4      | Killed Grinder
  3406 | D:4      | Reached XP level 7. HP: 20/45 MP: 0/0
  3406 | D:4      | Learned a level 2 spell: Jinxbite
  4240 | D:5      | Entered Level 5 of the Dungeon
  4253 | D:5      | Reached XP level 8. HP: 47/51 MP: 0/0
  4350 | D:5      | Identified the +2 leather armour "Wous" {rPois rCorr}
  4418 | D:5      | Reached skill level 1 in Fighting
  4815 | D:5      | Noticed a yak
  4815 | D:5      | Noticed a yak
  4817 | D:5      | Noticed a yak
  4818 | D:5      | Noticed a yak
  4822 | D:5      | Killed a yak
  4825 | D:5      | Killed a yak
  4825 | D:5      | Killed a yak
  4826 | D:5      | Reached XP level 9. HP: 36/60 MP: 0/0
  4826 | D:5      | Learned a level 3 spell: Frozen Ramparts
  5270 | D:5      | Noticed Edmund
  5284 | D:5      | Killed Edmund
  5520 | D:5      | Noticed Sigmund
  5528 | D:5      | Killed Sigmund
  5529 | D:5      | Reached skill level 5 in Dodging
  5683 | D:5      | Found a staircase to the Ecumenical Temple.
  5773 | Temple   | Entered the Ecumenical Temple
  5783 | Temple   | Became a worshipper of Makhleb the Destroyer
  6357 | D:6      | Reached XP level 10. HP: 62/69 MP: 0/0
  6360 | D:6      | Reached * piety under Makhleb
  6361 | D:6      | Reached skill level 5 in Fighting
  6361 | D:6      | Reached skill level 5 in Stealth
  6422 | D:6      | Found a runed translucent door.
  6423 | D:6      | Noticed Crazy Yiuf
  7105 | D:7      | Noticed Maurice
  7112 | D:7      | Killed Maurice
  7371 | D:7      | Noticed a two-headed ogre
  7383 | D:7      | Killed a two-headed ogre
  7849 | D:7      | Noticed Pikel
  7856 | D:7      | Killed Pikel
  8628 | D:8      | Noticed Psyche
  8634 | D:8      | Killed Psyche
  8635 | D:8      | Reached XP level 11. HP: 72/78 MP: 0/0
  8635 | D:8      | Learned a level 5 spell: Yara's Violent Unravelling
  8666 | D:8      | Noticed Prince Ribbit
  8672 | D:8      | Killed Prince Ribbit
  9232 | D:8      | Reached ** piety under Makhleb
  9808 | D:8      | Identified a scroll of acquirement
  9808 | D:8      | Acquired the +0 pair of gloves of Poetioz {+Blink Str-4
                  | Int+7}
 10819 | D:10     | Entered Level 10 of the Dungeon
 10993 | D:10     | Found the +15 Maxwell's patent armour {-Cast -Tele rElec
                  | Will+ rCorr}
 11056 | D:10     | Identified the +1 ring mail of Oziar {Rampage Dex+4}
 11148 | D:10     | Found a blossoming altar of Fedhas.
 11236 | D:10     | Noticed a two-headed ogre
 11243 | D:10     | Reached skill level 1 in Armour
 11245 | D:10     | Killed a two-headed ogre
 11246 | D:10     | Reached skill level 10 in Spellcasting
 11246 | D:10     | Reached skill level 10 in Conjurations
 11246 | D:10     | Reached skill level 10 in Hexes
 11246 | D:10     | Reached skill level 10 in Summonings
 11246 | D:10     | Reached skill level 10 in Necromancy
 11246 | D:10     | Reached skill level 10 in Translocations
 11246 | D:10     | Reached skill level 10 in Fire Magic
 11246 | D:10     | Reached skill level 10 in Ice Magic
 11246 | D:10     | Reached skill level 10 in Air Magic
 11246 | D:10     | Reached skill level 10 in Earth Magic
 11246 | D:10     | Reached skill level 10 in Alchemy
 11270 | D:10     | Noticed a sixfirhy
 11270 | D:10     | Slain by a sixfirhy

Illustrated notes

Levels and vault maps discovered:
D:1:      dpeg_arrival_morbid_curiosity, layout_loops_corners, serial_shops,
          shop, chequers_ecumenical_altar_island, roderic_lattice_a
D:2:      minmay_inner_zag, layout_basic, minmay_misc_feat_secret_circle,
          uniq_robin, uniq_jessica
D:3:      layout_basic, uniq_terence
D:4:      layout_rooms, uniq_grinder
D:5:      layout_basic, minmay_temple_entry_poolview, sigmund_edmund_badplayer
D:6:      layout_basic, minmay_misc_feat_x, mrwooster_statue_mirror,
          grunt_ministairs_9, uniq_crazy_yiuf_cottage
D:7:      layout_basic, uniq_pikel, uniq_maurice
D:8:      layout_basic, lemuel_flame_loot_1, uniq_prince_ribbit1, uniq_psyche
D:9:      layout_loops_ring
D:10:     layout_basic, amcnicky_altar_gilded, dreamdust_deal_with_the_devil,
          st_stairs_5
Temple:   mainiacjoe_temple_circle_huts

Skill      XL: |  1  2  3  4  5  6  7  8  9 10 11 |
---------------+----------------------------------+-----
Spellcasting   | 4 5 6 7 8 9 10 | 10.1
Conjurations   | 4 5 6 7 8 9 10 | 10.1
Hexes          | 4 5 6 7 8 9 10 | 10.1
Summonings     | 4 5 6 7 8 9 10 | 10.1
Necromancy     | 4 5 6 7 8 9 10 | 10.1
Translocations | 4 5 6 7 8 9 10 | 10.1
Fire Magic     | 4 5 6 7 8 9 10 | 10.1
Ice Magic      | 4 5 6 7 8 9 10 | 10.1
Air Magic      | 4 5 6 7 8 9 10 | 10.1
Earth Magic    | 4 5 6 7 8 9 10 | 10.1
Alchemy        | 4 5 6 7 8 9 10 | 10.1
Fighting       | 3 4 6 7 |  7.9
Stealth        | 3 4 6 |  6.2
Dodging        | 4 6 7 8 |  8.0
Armour         | 2 |  2.2

Action                     |  1- 3 |  4- 6 |  7- 9 | 10-12 || total
---------------------------+-------+-------+-------+-------++-------
  Melee: Unarmed           |       |       |       |     1 ||     1
   Cast: Magic Dart        |    65 |   134 |   163 |   194 ||   556
         Searing Ray       |     1 |     1 |     1 |       ||     3
         Iskenderun's Myst |       |     7 |    44 |    93 ||   144
         Fulminant Prism   |       |     2 |     4 |     4 ||    10
    Use: Potion            |       |       |     1 |       ||     1
         Scroll            |       |       |       |    19 ||    19
 Armour: Robe              |     8 |    17 |    25 |    32 ||    82
  Dodge: Dodged            |    13 |    26 |    14 |    29 ||    82
  Block: Other             |       |       |       |    10 ||    10
         Reflection        |       |       |       |     6 ||     6

Table legend: (Time is in decaauts)
 A = Elapsed time spent in this place.
 B = Non-inter-level travel time spent in this place.
 C = Inter-level travel time spent in this place.
 D = Time resting spent in this place.
 E = Time spent auto-exploring this place.
 F = Levels seen in this place.
 G = Mean time per level.
                   A        B        C        D        E       F      G
               +--------+--------+--------+--------+--------+-----+--------+
         Total |  11270 |  10950 |    320 |      0 |   9452 |  11 | 1024.5 |
       Dungeon |  11249 |  10949 |    300 |      0 |   9452 |  10 | 1124.9 |
        Temple |     20 |      1 |     19 |      0 |      0 |   1 |   20.0 |
               +--------+--------+--------+--------+--------+-----+--------+

Top non-repeatable levels by time:
     D:5: 1537 daAuts
     D:7: 1495 daAuts
     D:8: 1303 daAuts
     D:6: 1256 daAuts
     D:1: 1217 daAuts
     D:2: 1143 daAuts
     D:3: 1118 daAuts
     D:9: 963 daAuts
     D:4: 762 daAuts
    D:10: 450 daAuts
  Temple: 20 daAuts
